 Dungeon Crawl Stone Soup version 0.31.0-11-ge490571c62 (webtiles) character file.

Game seed: 3628026745208718801

193012 GhostPizza the Warrior (level 18, -20/176 HPs)
             Began as a Minotaur Berserker on Feb 1, 2024.
             Was a High Priest of Trog.
             Killed from afar by an eye of devastation (glowing shapeshifter) (48 damage)
             ... with a bolt of devastation
             ... in a wizard's laboratory on Feb 5, 2024.
             The game lasted 03:42:09 (31917 turns).

GhostPizza the Warrior (Minotaur Berserker)        Turns: 31917, Time: 03:42:10

Health: -20/176    AC: 24    Str: 41    XL:     18   Next: 5%
Magic:  10/17      EV: 17    Int:  4    God:    Trog [*****.]
Gold:   1333       SH:  5    Dex: 16    Spells: 17/17 levels left

rFire   + + +        a - +7 great mace "Firestarter" {flame, immolate, rFlCloud rF++}
rCold   + + .        (shield currently unavailable)
rNeg    . . .        W - +4 scale mail of the Mantidfly {-Cast rC+ Dex+3 Slay+6}
rPois   +            (helmet unavailable)
rElec   +            I - +2 cloak
rCorr   +            V - +2 pair of gloves {infuse}
SInv    .            Z - +1 pair of boots
Will    +....        X - amulet "Qucwock" {Reflect Harm +Inv rPois SH+5}
Stlth   +            c - +6 ring of strength
HPRegen 1.49/turn    F - +6 ring of strength
MPRegen 0.15/turn

%: no spellcasting, harm (+30% outgoing, +20% incoming), reflection, infuse
magic (1 MP)
@: resistant, weak-willed, strong-willed, fragile (+50% incoming damage),
regenerating
A: horns 3, retaliatory headbutt, iridescent scales 1, thin skeletal structure
1, deformed body, fire resistance 1
a: Renounce Religion, Evoke Invisibility, Berserk, Trog's Hand, Brothers in Arms


You were in a wizard's laboratory.
You worshipped Trog.
Trog was extremely pleased with you.
You visited 4 branches of the dungeon, and saw 25 of its levels.
You also visited: Ossuary, Volcano and Wizlab.

You collected 3436 gold pieces.
You spent 2103 gold pieces at shops.

Inventory:

Hand Weapons
 a - the +7 great mace "Firestarter" (weapon) {flame, immolate, rFlCloud rF++}
   (You bought it in a shop on level 2 of the Orcish Mines)

   rFlCloud:  It grants immunity to clouds of flame.
   rF++:      It greatly protects you from fire.
 b - a +3 heavy broad axe
 s - the +5 demon whip "Zodaibah" {flame, rC++}
   (Trog gifted it to you on level 2 of the Elven Halls)

   rC++:      It greatly protects you from cold.
 y - a +2 longbow of flaming
 A - a +3 dire flail of holy wrath
 D - a +5 antimagic great mace
Missiles
 v - 3 javelins
 Y - 5 boomerangs (quivered)
Armour
 I - a +2 cloak (worn)
 M - +0 fire dragon scales
 N - a +2 tower shield of cold resistance
 P - a +3 scale mail of positive energy
 V - a +2 pair of gloves of infusion (worn)
 W - the +4 scale mail of the Mantidfly (worn) {-Cast rC+ Dex+3 Slay+6}
   (You found it on level 5 of the Lair of Beasts)

   Dex+3:     It affects your dexterity (+3).
   Slay+6:    It affects your accuracy & damage with ranged weapons and melee
   (+6).
   rC+:       It protects you from cold.
   -Cast:     It prevents spellcasting.
 Z - a +1 pair of boots (worn)
Jewellery
 c - a +6 ring of strength (left hand)
 j - a ring of fire
 l - a +6 ring of dexterity
 n - a +4 ring of protection
 C - a ring of protection from cold
 F - a +6 ring of strength (right hand)
 G - a +5 ring of evasion
 S - a ring of ice
 X - the amulet "Qucwock" (around neck) {Reflect Harm +Inv rPois SH+5}
   (You found it on level 5 of the Lair of Beasts)

   [amulet of reflection]

   Reflect:   It reflects blocked missile attacks.
   rPois:     It protects you from poison +Inv: It lets you turn invisible.
   SH+5:      It affects your SH (+5).
   Harm:      It increases damage dealt and taken.
Wands
 k - a wand of polymorph (12)
 m - a wand of digging (2)
 x - a wand of roots (2)
 E - a wand of charming (36)
 R - a wand of flame (10)
Scrolls
 e - 7 scrolls of teleportation
 f - 7 scrolls of poison
 i - 5 scrolls of fear
 u - 3 scrolls of enchant weapon
 H - 2 scrolls of summoning
 K - 3 scrolls of blinking
 L - a scroll of fog
 O - 4 scrolls of immolation
Potions
 d - a potion of enlightenment
 g - a potion of cancellation
 h - 2 potions of berserk rage
 o - a potion of lignification
 r - a potion of invisibility
 t - 5 potions of curing
 w - 2 potions of mutation
 z - 2 potions of might
 B - a potion of haste
 U - a potion of magic
Miscellaneous
 q - a phantom mirror


   Skills:
 + Level 19.4 Fighting
 - Level 6.9(16.5) Axes
 - Level 17.5(18.0) Maces & Flails
 - Level 16.0(16.5) Polearms
 - Level 11.8 Ranged Weapons
 - Level 6.9 Throwing
 - Level 18.2 Armour
 - Level 11.8 Dodging
 - Level 7.4 Shields


You had 17 spell levels left.
You didn't know any spells.
Your spell library was empty.

Dungeon Overview and Level Annotations

Branches:
Dungeon (15/15)            Temple (0/1) D:5            Lair (5/5) D:11
  Swamp (0/4) Lair:3       Spider (0/4) Lair:2        Slime (0/5) Lair:5
    Orc (2/2) D:11            Elf (3/3) Orc:2        Vaults (0/5) D:14
 Depths (0/4) D:15        Ossuary (visited)         Volcano (visited)
 WizLab (1/1)

Altars:
Ashenzari
Elyvilon
Hepliaklqana
Makhleb
Nemelex Xobeh
Okawaru
Ru
Sif Muna
Trog
Uskayaw
Xom
Yredelemnul
Zin
The Shining One
Jiyva

Shops:
D:5 !*(:   Orc:1 [   Orc:2 [(=*:   Elf:1 :?[   Elf:2 [   Elf:3 :


Innate Abilities, Weirdness & Mutations

You have a pair of large horns on your head.
You reflexively headbutt those who attack you in melee.
You are partially covered in iridescent scales. (AC +2)
You have a somewhat thin skeletal structure. (Dex +2, Stealth+)
Armour fits poorly on your strangely shaped body.
Your flesh is heat resistant. (rF+)


Message History

You kill the wolf spider!
Trog accepts your kill.
The wolf spider's shape twists and changes as it dies.
The salamander changes into an eye of devastation!
The moth of wrath changes into a shock serpent!
The glass eye gazes at you.
Your body becomes as fragile as glass!
The shock serpent shoots out a bolt of lightning at you!
The bolt of electricity hits you!!
You are too injured to fight recklessly!
You are too injured to fight recklessly!
You hammer the glass eye like a gong!!! You burn the glass eye!!
You kill the glass eye!
Trog accepts your kill.
The shock serpent shoots out a bolt of lightning at you!
The bolt of electricity hits you!!
* * * LOW HITPOINT WARNING * * *
The eye of devastation gazes at you.
The bolt of devastation hits you but does no damage.
Your willpower is stripped away!
You feel protected. The shock serpent bites you.
* * * LOW HITPOINT WARNING * * *
The shock serpent shocks you. You resist.
* * * LOW HITPOINT WARNING * * *
You feel better. You block the shock serpent's attack.
You pound the shock serpent like an anvil!!!
You burn the shock serpent.
The shock serpent is filled with an inner flame.
You headbutt the shock serpent. Trog accepts your kill.
The shock serpent explodes!
The fiery explosion engulfs you. You resist.
* * * LOW HITPOINT WARNING * * *
The air sparks with electricity, shocking you!
You resist.
* * * LOW HITPOINT WARNING * * *
The eye of devastation gazes at you. The bolt of devastation hits you!!
You die...

..§§§....##..............##
..§§§§§§###..#############
....§..## #..............##
##...### ##..............#
###'##### ##############..#
......#.###....##...†.....#
.#.....∩.#...†.○.........##
.#......##.....#††########
.#.....####....#@§G.....
###'####..###'##§§#.....
e#...##.... #..#.§# ....
p#...#u.... ##.#..# ...
.#...#xx... ###..# ..
.#...#..... #..# +
###'####... #..#
##...#p###~ #..#
u#...#o..## #..#


You could see an eye of devastation shaped shifter.

Vanquished Creatures
  A mutant beast (WizLab)
  Jorgrun (Orc:2)
  A deep elf blademaster (Elf:2)
  Kirke (D:12)
  An orc warlord (Orc:2)
  A very ugly thing (WizLab)
  A deep elf demonologist (Elf:2)
  A deep elf death mage (Elf:2)
  Azrael (Orc:2)
  A red draconian (Volcano)
  Nessos (Orc:2)
  Snorg (Lair:5)
  The ghost of bairyn the Fighter, a journeyman OnFE of Sif Muna (Lair:2)
  A fire dragon (Lair:5)
  Josephine (Orc:2)
  A rakshasa (D:15)
  Fannar (D:12)
  A great orb of eyes (D:15)
  9 hydras
  2 catoblepae
  2 ogre magi
  9 two-headed ogres
  4 vault guards (D:14)
  A radroach (shapeshifter) (WizLab)
  A two-headed ogre (shapeshifter) (WizLab)
  12 centaur warriors
  2 radroaches (WizLab)
  5 death yaks (Lair:2)
  4 boulder beetles
  27 dancing weapons
  Urug (Lair:3)
  2 tengu warriors
  2 shock serpents (shapeshifter) (WizLab)
  2 orc high priests
  25 deep elf knights
  The ghost of TheRegalBeagle the Cleaver, a novice DrBe of Trog (D:8)
  3 skysharks
  4 skeletal warriors
  2 deep trolls (shapeshifter) (WizLab)
  Lodul (D:11)
  2 arcanists (D:14)
  2 glowing orange brains (shapeshifter) (WizLab)
  A sea snake (shapeshifter) (WizLab)
  A mana viper (shapeshifter) (WizLab)
  14 deep elf archers
  5 orc knights
  30 deep elf pyromancers
  16 ugly things
  A manticore (shapeshifter) (WizLab)
  A shining eye (shapeshifter) (WizLab)
  An oklob plant (Lair:5)
  3 manticores
  26 deep elf zephyrmancers
  6 large abominations (WizLab)
  5 orc sorcerers
  8 cyclopes
  A faun (shapeshifter) (WizLab)
  A salamander (shapeshifter) (WizLab)
  2 wolf spiders (shapeshifter) (WizLab)
  11 elephants
  A gargoyle (D:13)
  6 black mambas
  25 cane toads
  2 eyes of devastation (shapeshifter)
  An unseen horror (D:12)
  A torpor snail (Lair:5)
  A yaktaur (shapeshifter) (D:13)
  A tengu conjurer (D:15)
  3 unseen horror zombies (D:10)
  5 komodo dragons
  9 rime drakes
  2 efreet
  6 trolls
  A merfolk (D:12)
  3 tyrant leeches (Lair:5)
  2 hornets (Lair:2)
  A glass eye (shapeshifter) (WizLab)
  24 blink frogs
  A blink frog (shapeshifter) (WizLab)
  3 polar bears
  7 dream sheep (Lair:4)
  6 slime creatures
  4 glass eyes (WizLab)
  A snapping turtle (shapeshifter) (WizLab)
  3 spriggans (Lair:2)
  A culicivora (shapeshifter) (WizLab)
  A culicivora (Lair:2)
  A jumping spider (shapeshifter) (WizLab)
  2 jumping spiders (Lair:2)
  A centaur simulacrum (D:13)
  4 vampires (D:10)
  2 air elementals (Elf:1)
  7 shadows
  8 wyverns
  9 wraiths
  4 fire elementals
  A hog (D:12)
  3 water elementals
  75 yaks
  3 basilisks
  10 steam dragons
  Grum (D:11)
  10 vampire mosquitoes
  3 wargs
  An iron golem (WizLab)
  2 redbacks (Lair:2)
  6 small abominations (WizLab)
  A swamp worm (shapeshifter) (WizLab)
  A swamp worm (Lair:3)
  6 hell hounds (Orc:2)
  14 water moccasins
  An acid dragon (D:8)
  4 ice beasts
  A swamp drake (Lair:4)
  29 orc warriors
  2 black bears (D:6)
  15 ogres
  5 boggarts (D:14)
  A crocodile (shapeshifter) (WizLab)
  15 centaurs
  21 wolves
  A phantom (D:6)
  An elf zombie (Ossuary)
  A gnoll sergeant (D:9)
  17 bullfrogs
  2 earth elementals
  A kobold brigand (D:8)
  A scorpion (shapeshifter) (D:13)
  4 scorpions
  A necrophage (D:10)
  6 wights
  6 killer bees (D:11)
  7 electric eels
  10 howler monkeys
  3 bombardier beetles
  14 centaur zombies
  6 hounds
  A gnoll bouda (D:7)
  15 orc priests
  2 human zombies
  A jelly (D:5)
  Terence (D:2)
  2 sleepcaps
  2 iguanas
  23 orc wizards
  2 hound zombies (Ossuary)
  4 mummies
  A howler monkey zombie (D:10)
  19 adders
  19 gnolls
  2 shadow imps
  A white imp (D:5)
  2 ufetubi (D:6)
  6 adder zombies (Ossuary)
  A dart slug (D:1)
  2 ribbon worms
  62 orcs
  5 bats
  6 endoplasms
  6 giant cockroaches
  7 goblins
  5 hobgoblins
  8 jackals
  9 kobolds
  5 quokkas
  3 ball pythons
  2 frilled lizards
  5 gnoll zombies (Ossuary)
  A goblin zombie (D:4)
  4 jackal zombies (Ossuary)
  10 kobold zombies (Ossuary)
  5 orc zombies (Ossuary)
  A quokka zombie (D:4)
  3 rats
  A spectral kobold (D:4)
1001 creatures vanquished.

Vanquished Creatures (others)
  A deep elf pyromancer (Elf:3)
  A human (D:12)
  A yak (Lair:1)
  A steam dragon (Lair:5)
  An orc (Elf:3)
5 creatures vanquished.

Grand Total: 1006 creatures vanquished

Notes
Turn   | Place    | Note
-------+----------+-------------------------------------------
     0 | D:1      | GhostPizza the Minotaur Berserker began the quest for the
                  | Orb.
     0 | D:1      | Reached XP level 1. HP: 19/19 MP: 0/0
   104 | D:1      | Reached XP level 2. HP: 25/27 MP: 1/1
   173 | D:1      | Found a faded altar of an unknown god.
   242 | D:1      | Reached skill level 4 in Fighting
   721 | D:2      | Reached XP level 3. HP: 28/30 MP: 2/2
   808 | D:2      | Reached skill level 5 in Fighting
   824 | D:2      | You fall into a shaft and drop 1 floor!
   887 | D:3      | Reached ** piety under Trog
   957 | D:3      | Reached XP level 4. HP: 26/44 MP: 3/3
  1044 | D:3      | Found a broken altar of Ashenzari.
  1135 | D:3      | Reached skill level 6 in Fighting
  1450 | D:3      | Reached XP level 5. HP: 32/51 MP: 1/4
  1753 | D:3      | Found a sparkling altar of Nemelex Xobeh.
  2059 | D:4      | Gained mutation: You are vulnerable to heat. (rF-) [potion
                  | of mutation]
  2059 | D:4      | Gained mutation: You do not regenerate when monsters are
                  | visible. [potion of mutation]
  2059 | D:4      | Gained mutation: You are strong-willed. (Will+) [potion of
                  | mutation]
  2125 | D:4      | Reached skill level 7 in Fighting
  2169 | D:4      | Found a sand-covered staircase.
  2183 | Ossuary  | Entered an ossuary
  2348 | Ossuary  | Reached *** piety under Trog
  2356 | Ossuary  | Reached skill level 8 in Fighting
  2356 | Ossuary  | Reached XP level 6. HP: 55/61 MP: 1/5
  2479 | Ossuary  | Lost mutation: You do not regenerate when monsters are
                  | visible. [potion of mutation]
  2479 | Ossuary  | Lost mutation: You are vulnerable to heat. (rF-) [potion of
                  | mutation]
  2479 | Ossuary  | Lost mutation: You are strong-willed. (Will+) [potion of
                  | mutation]
  2479 | Ossuary  | Gained mutation: You have large cloven feet. [potion of
                  | mutation]
  2479 | Ossuary  | Gained mutation: Your system is resistant to poisons.
                  | (rPois) [potion of mutation]
  2493 | D:4      | Noticed an ice beast
  2501 | D:4      | Killed an ice beast
  2502 | D:4      | Reached XP level 7. HP: 68/68 MP: 2/6
  2543 | D:4      | Reached skill level 1 in Shields
  2821 | D:4      | Reached skill level 5 in Armour
  3012 | D:4      | Found a hazy altar of Hepliaklqana.
  3323 | D:2      | Reached **** piety under Trog
  3767 | D:2      | Noticed Terence
  3772 | D:2      | Killed Terence
  4049 | D:5      | Entered Level 5 of the Dungeon
  4086 | D:5      | Found Geriokhe's Book Emporium.
  4119 | D:5      | Reached skill level 5 in Dodging
  4239 | D:5      | Reached XP level 8. HP: 74/74 MP: 2/7
  4242 | D:5      | Found a staircase to the Ecumenical Temple.
  4581 | D:5      | Found Ufump's Distillery.
  4588 | D:5      | Bought a potion of mutation for 112 gold pieces
  4825 | D:5      | Found Ziynascha's General Store.
  4897 | D:5      | Found Ciseank's Assorted Antiques.
  5007 | D:5      | Found Xyohin's Antique Weapon Emporium.
  5255 | D:6      | Reached skill level 5 in Shields
  5310 | D:6      | Found a hide-covered altar of Uskayaw.
  5310 | D:6      | Found an iron altar of Okawaru.
  5898 | D:6      | Reached XP level 9. HP: 81/81 MP: 2/8
  6411 | D:6      | Noticed a two-headed ogre
  6416 | D:6      | Killed a two-headed ogre
  6428 | D:6      | Found a sacrificial altar of Ru.
  7204 | D:7      | Found a glowing golden altar of the Shining One.
  7471 | D:7      | Found a burning altar of Makhleb.
  7471 | D:7      | Found a glowing silver altar of Zin.
  7472 | D:7      | Noticed an angel
  7472 | D:7      | Noticed a green death
  7584 | D:7      | Reached skill level 10 in Armour
  7842 | D:7      | You fall into a shaft and drop 2 floors!
  8041 | D:8      | Reached XP level 10. HP: 88/88 MP: 9/9
  8225 | D:8      | Found a runed translucent door.
  8225 | D:8      | Found a shimmering altar of Xom.
  8225 | D:8      | Noticed TheRegalBeagle's ghost (novice DrBe)
  8225 | D:8      | Noticed a +0 trident of chaos
  8257 | D:8      | Killed TheRegalBeagle's ghost
  8261 | D:8      | Killed a +0 trident of chaos
  9135 | D:9      | Reached skill level 10 in Maces & Flails
  9305 | D:9      | Found a bloodstained altar of Trog.
  9618 | D:10     | Entered Level 10 of the Dungeon
  9663 | D:10     | Reached skill level 1 in Throwing
  9667 | D:10     | Reached XP level 11. HP: 83/95 MP: 7/10
  9693 | D:10     | Reached ***** piety under Trog
  9698 | D:10     | Reached skill level 9 in Fighting
  9959 | D:10     | Reached skill level 10 in Fighting
  9977 | D:10     | Found a basalt altar of Yredelemnul.
 10145 | D:10     | Reached skill level 5 in Throwing
 10389 | D:10     | Found a shimmering altar of Xom.
 10404 | D:10     | Noticed a two-headed ogre
 10411 | D:10     | Killed a two-headed ogre
 10412 | D:10     | Reached skill level 11 in Fighting
 10479 | D:10     | Found a shimmering blue altar of Sif Muna.
 10548 | D:10     | Identified a scroll of acquirement
 10548 | D:10     | Acquired a manual of Armour
 11266 | D:11     | Reached XP level 12. HP: 105/111 MP: 9/11
 11308 | D:11     | Found a staircase to the Orcish Mines.
 11346 | D:11     | Reached skill level 12 in Fighting
 11433 | D:11     | Noticed Grum
 11440 | D:11     | Killed Grum
 11778 | D:11     | Found a staircase to the Lair.
 11903 | D:11     | Noticed Lodul
 11912 | D:11     | Killed Lodul
 11924 | D:11     | Received a gift from Trog
 12880 | D:12     | Noticed Fannar
 12894 | D:12     | Killed Fannar
 12895 | D:12     | Reached skill level 15 in Armour
 12919 | D:12     | Reached skill level 13 in Fighting
 12943 | D:12     | Noticed Kirke
 12964 | D:12     | Killed Kirke
 13294 | Lair:1   | Entered Level 1 of the Lair of Beasts
 13475 | Lair:1   | Noticed a seven-headed hydra
 13485 | Lair:1   | Killed a seven-headed hydra
 13486 | Lair:1   | Reached XP level 13. HP: 122/122 MP: 9/12
 14193 | Lair:2   | Found a runed translucent door.
 14195 | Lair:2   | Noticed bairyn's ghost (journeyman OnFE)
 14195 | Lair:2   | Identified the +1 spear of Somewhere Else {venom, ^Drain
                  | Fly rElec Str-5}
 14276 | Lair:2   | Reached skill level 14 in Fighting
 14685 | Lair:2   | Reached skill level 10 in Dodging
 14717 | Lair:2   | Found a hole to the Spider Nest.
 15154 | Lair:2   | Killed bairyn's ghost
 15337 | Lair:3   | Noticed Urug
 15349 | Lair:3   | Killed Urug
 15399 | Lair:3   | Reached skill level 15 in Fighting
 15803 | Lair:3   | Received a gift from Trog
 15957 | Lair:3   | Reached XP level 14. HP: 127/135 MP: 11/13
 15977 | Lair:3   | Reached skill level 5 in Axes
 16162 | Lair:3   | Found a staircase to the Swamp.
 16786 | Lair:3   | Lost mutation: Your system is resistant to poisons. (rPois)
                  | [potion of mutation]
 16786 | Lair:3   | Lost mutation: You have large cloven feet. [potion of
                  | mutation]
 16786 | Lair:3   | Gained mutation: You occasionally lose the ability to read
                  | scrolls when taking damage. [potion of mutation]
 16786 | Lair:3   | Gained mutation: You occasionally lose the ability to drink
                  | potions when taking damage. [potion of mutation]
 16786 | Lair:3   | Gained mutation: Your muscles are strong. (Str +4, Int/Dex
                  | -1) [potion of mutation]
 16787 | Lair:3   | Lost mutation: Your muscles are strong. (Str +4, Int/Dex
                  | -1) [potion of mutation]
 16787 | Lair:3   | Lost mutation: You occasionally lose the ability to read
                  | scrolls when taking damage. [potion of mutation]
 16787 | Lair:3   | Lost mutation: You occasionally lose the ability to drink
                  | potions when taking damage. [potion of mutation]
 16787 | Lair:3   | Gained mutation: You are strong-willed. (Will+) [potion of
                  | mutation]
 16787 | Lair:3   | Gained mutation: You have large cloven feet. [potion of
                  | mutation]
 16787 | Lair:3   | Gained mutation: You are partially covered in iridescent
                  | scales. (AC +2) [potion of mutation]
 17019 | Lair:4   | Reached skill level 1 in Polearms
 17699 | Lair:4   | Reached skill level 5 in Polearms
 18180 | Lair:4   | You fall into a shaft and drop 1 floor!
 18180 | Lair:5   | Entered Level 5 of the Lair of Beasts
 18253 | Lair:5   | Received a gift from Trog
 18475 | Lair:5   | Found a dark tunnel.
 18486 | Lair:5   | Reached skill level 10 in Polearms
 18509 | Volcano  | Entered a volcano
 19023 | Lair:5   | Noticed Snorg
 19035 | Lair:5   | Received a gift from Trog
 19043 | Lair:5   | Killed Snorg
 19222 | Lair:5   | Reached XP level 15. HP: 96/141 MP: 6/14
 19452 | Lair:5   | Identified the +4 scale mail of the Mantidfly {-Cast rC+
                  | Dex+3 Slay+6}
 19458 | Lair:5   | Identified the amulet "Qucwock" {Reflect Harm +Inv rPois
                  | SH+5}
 19548 | Lair:5   | Found a viscous altar of Jiyva.
 19585 | Lair:5   | Found a staircase to the Slime Pits.
 20244 | Orc:1    | Entered Level 1 of the Orcish Mines
 20379 | Orc:1    | Found Gojuez Ilaus's Armour Shop.
 20635 | Orc:2    | Entered Level 2 of the Orcish Mines
 20635 | Orc:2    | Noticed Josephine
 20635 | Orc:2    | Found a gate leading to a gauntlet.
 20639 | Orc:2    | Killed Josephine
 20660 | Orc:2    | Noticed Nessos
 20671 | Orc:2    | Killed Nessos
 20671 | Orc:2    | Reached ****** piety under Trog
 20780 | Orc:2    | Noticed Jorgrun
 20791 | Orc:2    | Killed Jorgrun
 20805 | Orc:2    | Received a gift from Trog
 20841 | Orc:2    | Reached skill level 15 in Polearms
 20901 | Orc:2    | Found Duniohih's General Store.
 20903 | Orc:2    | Found Turphy's Antique Armour Shop.
 20977 | Orc:2    | Found Elomeshru's Book Shop.
 20988 | Orc:2    | Found a staircase to the Elven Halls.
 20994 | Orc:2    | Found Giagaos's Jewellery Boutique.
 21108 | Orc:2    | Found Laigec's Antique Weapon Shop.
 21275 | Orc:2    | Bought a runed tower shield for 232 gold pieces
 21275 | Orc:2    | Bought a pair of boots for 139 gold pieces
 21487 | Orc:2    | Noticed Azrael
 21498 | Orc:2    | Killed Azrael
 21864 | Orc:2    | Bought a potion of resistance for 170 gold pieces
 21944 | Orc:2    | Bought the +7 great mace "Firestarter" {flame, immolate,
                  | rFlCloud rF++} for 1210 gold pieces
 21944 | Orc:2    | Found the +7 great mace "Firestarter" {flame, immolate,
                  | rFlCloud rF++}
 22201 | D:13     | Received a gift from Trog
 22582 | D:13     | Identified the +0 scale mail "Pahaoph" {+Blink rF- Str+3
                  | Int+3}
 22821 | D:13     | Found a glowing golden altar of the Shining One.
 23487 | D:14     | Reached skill level 15 in Maces & Flails
 23487 | D:14     | Reached XP level 16. HP: 120/149 MP: 13/15
 23805 | D:14     | Received a gift from Trog
 24208 | D:14     | Found a gate to the Vaults.
 24301 | D:14     | Identified the +9 hand axe "Xaunymp" {drain, *Slow rN+
                  | Will+ Str+2}
 24546 | D:14     | Lost mutation: You have large cloven feet. [potion of
                  | mutation]
 24546 | D:14     | Lost mutation: You are strong-willed. (Will+) [potion of
                  | mutation]
 24546 | D:14     | Lost mutation: You are partially covered in iridescent
                  | scales. (AC +2) [potion of mutation]
 24546 | D:14     | Gained mutation: Your body sometimes deteriorates upon
                  | taking damage. [potion of mutation]
 24546 | D:14     | Gained mutation: You are partially covered in iridescent
                  | scales. (AC +2) [potion of mutation]
 24547 | D:14     | Lost mutation: Your body sometimes deteriorates upon taking
                  | damage. [potion of mutation]
 24547 | D:14     | Lost mutation: You are partially covered in iridescent
                  | scales. (AC +2) [potion of mutation]
 24547 | D:14     | Gained mutation: You have a pair of large horns on your
                  | head. [potion of mutation]
 24547 | D:14     | Gained mutation: You are partially covered in iridescent
                  | scales. (AC +2) [potion of mutation]
 24547 | D:14     | Gained mutation: You have a somewhat thin skeletal
                  | structure. (Dex +2, Stealth+) [potion of mutation]
 24743 | D:15     | Entered Level 15 of the Dungeon
 25515 | D:15     | Found a staircase to the Depths.
 25671 | D:15     | Reached skill level 1 in Ranged Weapons
 25934 | D:15     | Found a white marble altar of Elyvilon.
 26295 | Elf:1    | Entered Level 1 of the Elven Halls
 26389 | Elf:1    | Reached skill level 5 in Ranged Weapons
 26427 | Elf:1    | Identified the +10 falchion of the Spider Nest {spect,
                  | *Slow Str+2 Dex+3 SInv}
 26683 | Elf:1    | Found Pickuat's Antique Weapon Shoppe.
 26694 | Elf:1    | Paralysed by an air elemental for 1 turns
 26711 | Elf:1    | Received a gift from Trog
 26717 | Elf:1    | Found Surphepnu's Antique Armour Boutique.
 26719 | Elf:1    | Found Vajot's Magic Scroll Shop.
 26721 | Elf:1    | Found Xilodis's Book Boutique.
 26732 | Elf:1    | Bought a scroll of enchant armour for 120 gold pieces
 26732 | Elf:1    | Bought a scroll of enchant armour for 120 gold pieces
 27331 | Elf:1    | HP: 4/149 [something/shard of ice (21)]
 28632 | Elf:2    | Received a gift from Trog
 28642 | Elf:2    | Reached XP level 17. HP: 134/156 MP: 11/16
 28697 | Elf:2    | Reached skill level 10 in Ranged Weapons
 28944 | Elf:2    | Noticed a Brimstone Fiend
 29074 | Elf:2    | Found Kanketeb's Antique Armour Emporium.
 29436 | Elf:2    | Identified the +5 demon whip "Zodaibah" {flame, rC++} (Trog
                  | gifted it to you on level 2 of the Elven Halls)
 29436 | Elf:2    | Received a gift from Trog
 29466 | Elf:2    | Found a huge runed translucent gate.
 29466 | Elf:2    | Found a huge runed translucent gate.
 29466 | Elf:2    | Found a huge runed translucent gate.
 29466 | Elf:2    | Found a huge runed translucent gate.
 29466 | Elf:2    | Found a huge runed translucent gate.
 29766 | Elf:2    | Noticed a deep elf blademaster
 29776 | Elf:2    | Killed a deep elf blademaster
 29854 | Elf:2    | Reached skill level 16 in Fighting
 30606 | Elf:2    | Reached skill level 17 in Fighting
 30959 | Elf:3    | Entered Level 3 of the Elven Halls
 31019 | Elf:3    | Received a gift from Trog
 31024 | Elf:3    | Found Zaega's Book Boutique.
 31098 | Elf:3    | Reached skill level 18 in Fighting
 31118 | Elf:3    | Found a magical portal.
 31123 | WizLab   | Entered Cigotuvi's Fleshworks
 31273 | WizLab   | Gained mutation: Your flesh is heat resistant. (rF+) [a
                  | shining eye]
 31509 | WizLab   | Identified the maw talisman of Sin {rCorr MP+9 Int+2}
 31529 | WizLab   | Noticed Cigotuvi's Monster
 31537 | WizLab   | Killed Cigotuvi's Monster
 31812 | WizLab   | Reached skill level 19 in Fighting
 31848 | WizLab   | Gained mutation: Armour fits poorly on your strangely
                  | shaped body. [a shining eye]
 31855 | WizLab   | Reached XP level 18. HP: 157/176 MP: 10/17
 31917 | WizLab   | Killed from afar by an eye of devastation (glowing
                  | shapeshifter)

Illustrated notes

Levels and vault maps discovered:
D:1:      sevenhm_arrival_forest_fort_large_2, layout_rooms,
          ebering_ecumenical_altar_webs
D:2:      layout_basic, dk_noncrumbling_3, cheibrodos_gnoll_hut, uniq_terence
D:3:      layout_basic, mainiacjoe_overflow_24_doors, amcnicky_altar_gilded
D:4:      layout_cave_pods, nicolae_hepliaklqana_monster_ancestors,
          enter_ossuary_4
D:5:      layout_basic, minmay_temple_entry_mist, serial_shops, shop,
          nicolae_take_the_stairs, shop, nicolae_shop_just_a_little_nook,
          nicolae_shop_dealshenge
D:6:      layout_basic, kennysheep_mini, jmf_multi_god_temple, kennysheep_path_1
D:7:      layout_loops_corners, grunt_temple_overflow_order_and_chaos_2,
          mainiacjoe_overflow_brackets
D:8:      layout_loops_ring, ebering_ghost_xom
D:9:      layout_cave_pools, bloody_trog
D:10:     layout_loops_corners, lemuel_mausoleum_altar_yredelemnul,
          mainiacjoe_overflow_large_starburst, serial_undead, serial_undead_d,
          serial_undead_f, serial_undead_a, serial_undead_f, serial_undead_f,
          serial_undead_d, serial_undead_d
D:11:     layout_irregular_city, dpeg_oklobed_lair, david_orc_5, uniq_grum,
          uniq_lodul
D:12:     layout_loops_cross, hangedman_fish_farm, uniq_fannar, uniq_kirke
D:13:     minmay_the_grid_3x2 [minmay_the_grid_spikes, minmay_the_grid_fan,
          minmay_the_grid_spin_star, minmay_the_grid_doors,
          minmay_the_grid_rooms, minmay_the_grid_prize_four_corners],
          layout_basic, tso_metal_star
D:14:     layout_loops_cross, lightli_vaults_fourway_checkpoint,
          grunt_ministairs_14, nicolae_houndstooth_variations
D:15:     gammafunk_enter_depths_forms, layout_loops_corners, minivault_25,
          minmay_strange_pillars, elyvilon_altar_3
Lair:1:   layout_misc_corridors
Lair:2:   minmay_lair_venomous_thicket, layout_long_grid,
          nicolae_spider_entry_tight_spaces, ebering_ghost_funeral_grove
Lair:3:   layout_layer_cave, minmay_swamp_entry_worms, grunt_megastairs_1,
          uniq_urug
Lair:4:   layout_small_grid, minmay_stone_trees_small, guppyfry_lair_drakes,
          serial_bayou_shore_a
Lair:5:   minmay_lair_end_frog_pond, layout_loops_ring,
          minmay_slime_entry_oklob_enclosed, enter_volcano_1,
          bobbens_dragon_lair_wall, uniq_snorg
Orc:1:    layout_caves, serial_shops, shop
Orc:2:    grunt_orc_cross, layout_caves, serial_shops, nicolae_square_shop,
          gauntlet_entry_generic, uniq_jorgrun, uniq_azrael, uniq_josephine,
          uniq_nessos
Elf:1:    layout_gridlike, serial_shops, shop, minivault_28, minmay_shop_star,
          grunt_megastairs_3
Elf:2:    elven_hall_of_blades_hangedman_alternative [nicolae_blade_lattice],
          layout_onion_city, serial_shops, nicolae_shop_just_a_little_nook
Elf:3:    minmay_elf_hall_curves, layout_onion_city, mu_enter_wizlab_1,
          serial_shops, shop, grunt_ministairs_13, minmay_shop_grove, uniq_mara
WizLab:   wizlab_cigotuvi

Skill      XL: |  1  2  3  4  5  6  7  8  9 10 11 12 13 14 15 16 17 |
---------------+----------------------------------------------------+-----
Fighting       | 4 5 6 8 11 13 15 19 | 19.4
Armour         | 4 5 7 10 16 18 | 18.2
Dodging        | 4 5 7 8 11 | 11.8
Shields        | 3 6 7 |  7.4
Maces & Flails | 3 11 12 15 17 | 17.5
Throwing       | 1 6 |  6.9
Axes           | 4 6 |  6.9
Polearms       | 12 16 | 16.0
Ranged Weapons | 9 11 | 11.8

Action                     |  1- 3 |  4- 6 |  7- 9 | 10-12 | 13-15 | 16-18 || total
---------------------------+-------+-------+-------+-------+-------+-------++-------
  Melee: Hand axe          |    33 |   133 |   244 |       |       |       ||   410
         Headbutt          |    12 |    25 |    49 |    83 |   223 |    75 ||   467
         Dagger            |    29 |     1 |       |       |       |       ||    30
         Punch             |     1 |     1 |       |       |       |       ||     2
         Kick              |       |     1 |    76 |   139 |   305 |       ||   521
         Whip              |       |       |    26 |       |       |       ||    26
         Flail             |       |       |     7 |   318 |     3 |       ||   328
         Demon whip        |       |       |       |   120 |   739 |       ||   859
         Broad axe         |       |       |       |       |    88 |       ||    88
         Great mace        |       |       |       |       |    58 |   350 ||   408
         Bardiche          |       |       |       |       |       |    20 ||    20
   Fire: Longbow           |       |       |       |       |       |     2 ||     2
  Throw: Dart              |       |       |     5 |     1 |    15 |       ||    21
         Boomerang         |       |       |       |    16 |    63 |   105 ||   184
         Stone             |       |       |       |    13 |       |       ||    13
         Javelin           |       |       |       |       |    24 |     2 ||    26
 Invoke: Berserk           |     1 |       |     4 |     5 |     2 |     3 ||    15
         Trog's Hand       |       |       |     2 |     5 |     2 |    11 ||    20
  Evoke: Wand              |       |       |    13 |    17 |       |       ||    30
    Use: Scroll            |       |     4 |     4 |    22 |     6 |     5 ||    41
         Potion            |       |     3 |       |     5 |    11 |    10 ||    29
   Stab: Petrified         |       |       |       |       |       |     5 ||     5
         Distracted        |       |       |       |       |       |     1 ||     1
         Sleeping          |       |       |       |       |       |     1 ||     1
 Armour: Animal skin       |    28 |       |       |       |       |       ||    28
         Ring mail         |    21 |   101 |   124 |       |       |       ||   246
         Plate armour      |       |       |    68 |   415 |       |       ||   483
         Chain mail        |       |       |       |     6 |   354 |       ||   360
         Scale mail        |       |       |       |       |   117 |   388 ||   505
  Dodge: Dodged            |    49 |    98 |   135 |   255 |   425 |   214 ||  1176
  Block: Buckler           |       |       |    53 |   159 |   215 |       ||   427
         Other             |       |       |       |       |    10 |    75 ||    85
         Reflection        |       |       |       |       |     7 |    22 ||    29
